[Event "42nd Olympiad Baku 2016 Open"]
[Site "Baku"]
[Date "2016.09.04"]
[Round "3.6"]
[White "Pantsulaia, Levan"]
[Black "Repka, Christopher"]
[Result "1-0"]
[ECO "A06"]
[WhiteElo "2601"]
[BlackElo "2486"]
[Annotator ""]
[PlyCount "51"]
[EventDate "2016.??.??"]
[EventCountry "AZE"]
[SourceTitle "playchess.com"]
[Source "ChessBase"]
[WhiteTeam "Georgia"]
[BlackTeam "Slovakia"]
[WhiteTeamCountry "GEO"]
[BlackTeamCountry "SVK"]
[TimeControl "40/5400+30:1800+30"]

1. Nf3 {(00:00)} d5 {(00:00)} 2. g3 {(00:06)} Nf6 {
(00:00)} 3. Bg2 {(00:08)} Bf5 {(00:03)} 4. c4 {(01:
05)} c6 {(00:04)} 5. cxd5 {(01:12)} cxd5 {(00:05)} 6. Qb3
{(00:03)} Nc6 {(00:06)} 7. Qxb7 {(01:54)} Bd7 {(00:
05)} 8. Qb3 {(00:06)} Rb8 {(00:07)} 9. Qd1 {(00:05)} e5 {
(00:05)} 10. O-O {(00:05)} e4 {(09:16)} 11. Ne1 {(
00:06)} Bc5 {(06:47)} 12. d3 {(04:11)} Qe7 {(00:49)} 13.
Nc3 {(06:57)} e3 {(06:46)} 14. fxe3 {(01:23)} Bxe3+ {
(00:05)} 15. Kh1 {(00:19)} d4 {(00:51)} 16. Bxe3 {(
13:16)} Qxe3 {(11:42)} 17. Rxf6 {(19:09)} gxf6 {(00:07)}
18. Ne4 {(00:04)} Ne5 {(07:46)} 19. Nxf6+ {(07:55)} Kf8 {
(13:31)} 20. Nc2 {(00:50)} Qh6 {(00:42)} 21. Nxd7+ {
(00:35)} Nxd7 {(00:06)} 22. Nxd4 {(01:44)} Rxb2 {(
02:56)} 23. Qa4 {(04:16)} Qd6 {(01:57)} 24. Nf5 {(05:01)}
Qb8 {(01:03)} 25. Qxd7 {(01:20)} Rb1+ {(00:13)} 26. Bf1 {
(00:05)} 1-0

[Event "42nd Olympiad Baku 2016 Open"]
[Site "Baku"]
[Date "2016.09.04"]
[Round "3.5"]
[White "Papaioannou, Ioannis"]
[Black "Ghaem Maghami, Ehsan"]
[Result "1/2-1/2"]
[ECO "A46"]
[WhiteElo "2631"]
[BlackElo "2566"]
[Annotator ""]
[PlyCount "60"]
[EventDate "2016.??.??"]
[EventCountry "AZE"]
[SourceTitle "playchess.com"]
[Source "ChessBase"]
[WhiteTeam "Greece"]
[BlackTeam "Iran"]
[WhiteTeamCountry "GRE"]
[BlackTeamCountry "IRI"]
[TimeControl "40/5400+30:1800+30"]

1. d4 {(00:00)} Nf6 {(00:00)} 2. Nf3 {(00:00)} d5 {
(00:00)} 3. c4 {(00:00)} e6 {(00:49)} 4. g3 {(00:
05)} Bb4+ {(00:15)} 5. Bd2 {(00:27)} Be7 {(00:20)} 6. Bg2
{(00:19)} c6 {(00:37)} 7. Qc2 {(00:33)} O-O {(03:
31)} 8. O-O {(00:11)} Nbd7 {(01:05)} 9. b3 {(03:36)} b6 {
(09:36)} 10. Bc3 {(00:18)} Ne4 {(08:52)} 11. Bb2 {(
04:04)} Bb7 {(00:25)} 12. Nfd2 {(01:34)} Nxd2 {(12:00)}
13. Nxd2 {(01:00)} Rc8 {(01:04)} 14. e4 {(02:21)} c5 {
(05:24)} 15. exd5 {(02:44)} exd5 {(00:11)} 16. Rad1 {
(01:07)} cxd4 {(08:53)} 17. Bxd4 {(00:36)} Qc7 {(
00:48)} 18. Qf5 {(10:24)} dxc4 {(07:07)} 19. Bxb7 {(01:37]
} Qxb7 {(00:09)} 20. Nxc4 {(00:16)} Rcd8 {(01:15)} 21. Ne3
{(09:19)} Nf6 {(17:25)} 22. Rfe1 {(16:56)} Rd6 {(
04:40)} 23. Qf4 {(10:06)} Re6 {(10:54)} 24. Nf5 {(03:57)}
h6 {(00:18)} 25. Rc1 {(03:21)} Bd8 {(00:46)} 26. Re5 {
(06:34)} Rfe8 {(02:47)} 27. Rxe6 {(07:25)} Rxe6 {(
00:08)} 28. Ne3 {(02:23)} Qd7 {(03:59)} 29. Bxf6 {(03:16)}
Rxf6 {(00:29)} 30. Qe4 {(02:11)} Rd6 {(00:37)} 1/2-1/2

[Event "42nd Olympiad Baku 2016 Open"]
[Site "Baku"]
[Date "2016.09.04"]
[Round "3.24"]
[White "Pasaribu, Ivan Maxmillian Put"]
[Black "Hifad, Rachid"]
[Result "0-1"]
[ECO "B16"]
[WhiteElo "1860"]
[BlackElo "2175"]
[Annotator ""]
[PlyCount "102"]
[EventDate "2016.??.??"]
[EventCountry "AZE"]
[SourceTitle "playchess.com"]
[Source "ChessBase"]
[WhiteTeam "Indonesia"]
[BlackTeam "Morocco"]
[WhiteTeamCountry "INA"]
[BlackTeamCountry "MAR"]
[TimeControl "40/5400+30:1800+30"]

1. e4 {(00:00)} c6 {(00:16)} 2. d4 {(00:00)} d5 {(
00:07)} 3. Nc3 {(00:58)} dxe4 {(02:40)} 4. Nxe4 {(00:14)}
Nf6 {(00:07)} 5. Nxf6+ {(02:46)} gxf6 {(00:03)} 6. Nf3 {
(02:44)} Bg4 {(00:37)} 7. Be2 {(05:35)} Qc7 {(02:
03)} 8. h3 {(04:18)} Bh5 {(00:25)} 9. Nh4 {(09:12)} Bg6 {
(01:39)} 10. O-O {(11:46)} Nd7 {(00:06)} 11. c4 {(
03:14)} e6 {(01:33)} 12. Be3 {(01:36)} Bd6 {(01:32)} 13.
Qb3 {(09:14)} O-O-O {(09:45)} 14. Qa4 {(02:22)} Kb8 {
(00:53)} 15. Nxg6 {(05:21)} hxg6 {(00:29)} 16. b4 {
(00:04)} Bf4 {(00:50)} 17. Qb3 {(07:52)} f5 {(02:
47)} 18. c5 {(06:05)} Nf6 {(00:22)} 19. a4 {(02:04)} Bxe3
{(00:12)} 20. Qxe3 {(02:39)} Nd5 {(02:59)} 21. Qb3 {
(03:17)} Nf4 {(00:25)} 22. Rfe1 {(00:53)} Nxe2+ {(
02:34)} 23. Rxe2 {(00:07)} Rxd4 {(00:04)} 24. b5 {(01:35)}
Rhd8 {(01:03)} 25. b6 {(04:41)} axb6 {(00:06)} 26. cxb6 {
(00:04)} Qd6 {(00:05)} 27. a5 {(00:59)} Rd3 {(02:
17)} 28. Qa2 {(01:00)} Qd5 {(01:15)} 29. Qb2 {(01:32)} Qd4
{(00:11)} 30. Qa2 {(00:27)} Qxa1+ {(00:09)} 31. Qxa1 {
(00:54)} Rd1+ {(00:05)} 32. Re1 {(00:35)} Rxa1 {(
00:12)} 33. Rxa1 {(00:02)} e5 {(03:48)} 34. Kf1 {(01:11)}
Rd5 {(00:39)} 35. Ke2 {(02:22)} Rd6 {(05:16)} 36. g3 {
(02:11)} Kc8 {(00:30)} 37. a6 {(00:52)} bxa6 {(00:
05)} 38. Rxa6 {(00:02)} Kb7 {(00:12)} 39. Ra7+ {(00:06)}
Kxb6 {(00:09)} 40. Rxf7 {(00:00)} c5 {(00:00)} 41. g4 {
(01:13)} fxg4 {(01:33)} 42. hxg4 {(02:11)} c4 {(00:
10)} 43. Rf8 {(01:26)} Kc5 {(01:10)} 44. Rc8+ {(01:08)}
Kb4 {(00:36)} 45. Ke3 {(01:28)} c3 {(00:46)} 46. Rb8+ {
(00:52)} Ka3 {(00:12)} 47. Ra8+ {(00:04)} Kb2 {(00:
02)} 48. Rb8+ {(00:05)} Kc1 {(00:08)} 49. Rb5 {(03:36)} c2
{(01:56)} 50. Rxe5 {(01:26)} Rc6 {(00:05)} 51. Rb5 {
(02:43)} Kd1 {(00:18)} 0-1

[Event "42nd Olympiad Baku 2016 Open"]
[Site "Baku"]
[Date "2016.09.04"]
[Round "3.28"]
[White "Pitirotjirathon, Jirapak"]
[Black "Bengherabi, Khalil"]
[Result "0-1"]
[ECO "D37"]
[WhiteElo "2205"]
[BlackElo "2241"]
[Annotator ""]
[PlyCount "50"]
[EventDate "2016.??.??"]
[EventCountry "AZE"]
[SourceTitle "playchess.com"]
[Source "ChessBase"]
[WhiteTeam "Thailand"]
[BlackTeam "Algeria"]
[WhiteTeamCountry "THA"]
[BlackTeamCountry "ALG"]
[TimeControl "40/5400+30:1800+30"]

1. d4 {(00:00)} Nf6 {(00:00)} 2. c4 {(00:00)} e6 {(
00:00)} 3. Nc3 {(00:13)} d5 {(00:00)} 4. Nf3 {(00:22)} Be7
{(00:00)} 5. Bf4 {(00:37)} O-O {(00:05)} 6. e3 {(
00:22)} b6 {(00:05)} 7. cxd5 {(02:57)} Nxd5 {(00:14)} 8.
Nxd5 {(01:01)} exd5 {(00:13)} 9. a3 {(02:26)} c5 {(
00:38)} 10. Bd3 {(01:29)} Be6 {(10:00)} 11. Ne5 {(01:44)}
Bf6 {(11:53)} 12. Rc1 {(04:25)} c4 {(14:09)} 13. Bb1 {
(03:32)} Nd7 {(00:31)} 14. Nf3 {(13:49)} Re8 {(03:
06)} 15. h4 {(05:54)} Nf8 {(03:08)} 16. Ng5 {(09:24)} h6 {
(34:09)} 17. Kf1 {(05:54)} hxg5 {(06:15)} 18. hxg5 {
(00:24)} Bxg5 {(00:04)} 19. Qh5 {(06:15)} f6 {(00:
07)} 20. Bxg5 {(03:13)} fxg5 {(00:07)} 21. Ke2 {(01:57)}
Qf6 {(00:46)} 22. Rcf1 {(06:10)} Bf5 {(00:48)} 23. f4 {
(03:15)} Qxd4 {(01:48)} 24. e4 {(06:16)} Bxe4 {(04:
34)} 25. Qh8+ {(01:23)} Kf7 {(00:05)} 0-1

[Event "42nd Olympiad Baku 2016 Open"]
[Site "Baku"]
[Date "2016.09.04"]
[Round "3.31"]
[White "Poon, Yu Tien"]
[Black "Smirnov, Anton"]
[Result "0-1"]
[ECO "D70"]
[WhiteElo "2196"]
[BlackElo "2482"]
[Annotator ""]
[PlyCount "244"]
[EventDate "2016.??.??"]
[EventCountry "AZE"]
[SourceTitle "playchess.com"]
[Source "ChessBase"]
[WhiteTeam "Barbados"]
[BlackTeam "Australia"]
[WhiteTeamCountry "BAR"]
[BlackTeamCountry "AUS"]
[TimeControl "40/5400+30:1800+30"]

1. d4 {(00:00)} Nf6 {(00:18)} 2. c4 {(00:02)} c6 {(
00:06)} 3. Nf3 {(00:19)} d5 {(00:04)} 4. Nbd2 {(00:17)}
Bf5 {(03:33)} 5. Nh4 {(00:26)} Be4 {(01:32)} 6. e3 {
(00:17)} e6 {(01:30)} 7. Be2 {(02:21)} Nbd7 {(04:
55)} 8. f3 {(03:46)} Bg6 {(03:35)} 9. O-O {(06:32)} Bd6 {
(06:37)} 10. c5 {(05:26)} Bc7 {(00:34)} 11. f4 {(
00:05)} Bf5 {(09:50)} 12. Nhf3 {(05:55)} O-O {(05:46)} 13.
b4 {(10:17)} Ne4 {(05:47)} 14. Nxe4 {(02:57)} Bxe4 {
(00:06)} 15. b5 {(00:41)} Nf6 {(05:32)} 16. Qa4 {(
07:38)} Qd7 {(03:10)} 17. Bd2 {(03:17)} Rfb8 {(00:52)} 18.
Qb3 {(13:16)} Qd8 {(05:54)} 19. Rfc1 {(04:18)} cxb5 {
(04:17)} 20. Bxb5 {(01:56)} a6 {(00:43)} 21. Bd3 {(
00:29)} b6 {(01:19)} 22. c6 {(01:01)} Bxd3 {(01:34)} 23.
Qxd3 {(00:08)} Ne4 {(00:04)} 24. a4 {(11:37)} Rc8 {
(01:44)} 25. Rab1 {(01:26)} Nd6 {(04:13)} 26. Ne5 {
(00:08)} b5 {(01:52)} 27. Nd7 {(03:32)} Nc4 {(05:
38)} 28. axb5 {(03:02)} axb5 {(00:06)} 29. Rxb5 {(00:47)}
Bd6 {(00:37)} 30. Ne5 {(06:40)} Bxe5 {(01:17)} 31. dxe5 {
(00:04)} Rxc6 {(00:09)} 32. Bc3 {(02:53)} Rac8 {(
02:42)} 33. e4 {(02:42)} dxe4 {(02:03)} 34. Qxe4 {(00:24)}
h6 {(00:02)} 35. Ra1 Nd2 {(00:56)} 36. Bxd2 {(01:35)} Qxd2
{(00:01)} 37. Rf1 {(01:26)} Rc4 {(03:53)} 38. Qf3 {
(00:15)} Qd4+ {(00:02)} 39. Kh1 {(00:04)} Qxf4 {(
00:28)} 40. h3 {(00:00)} Qxf3 {(00:00)} 41. Rxf3 {(05:12)}
R4c5 {(02:53)} 42. Rb7 {(00:04)} R8c7 {(00:08)} 43. Rb8+ {
(02:01)} Kh7 {(01:45)} 44. Rf8 {(01:47)} Rxe5 {(00:
17)} 45. R8xf7 {(00:10)} Rxf7 {(00:04)} 46. Rxf7 {(00:06)}
Kg6 {(00:12)} 47. Rf8 {(00:30)} Rf5 {(00:20)} 48. Re8 {
(01:37)} Kf6 {(03:08)} 49. g4 {(01:17)} Ra5 {(08:
56)} 50. Kg2 {(02:28)} Ra2+ {(00:04)} 51. Kf3 {(00:10)}
Ra3+ {(00:03)} 52. Kg2 {(00:06)} Ra6 {(06:43)} 53. Kg3 {
(03:17)} Ra3+ {(00:28)} 54. Kg2 {(00:06)} Ra7 {(00:
04)} 55. Kf3 {(01:38)} Ke5 {(00:19)} 56. Rb8 {(02:52)}
Ra3+ {(02:03)} 57. Kg2 {(00:05)} Kf4 {(01:12)} 58. Rb4+ {
(00:05)} Kg5 {(00:16)} 59. Rb5+ {(00:05)} Kf6 {(00:
11)} 60. Rb6 {(00:10)} Rc3 {(03:02)} 61. Ra6 {(00:38)} Re3
{(00:02)} 62. Rb6 {(05:01)} Kg5 {(01:02)} 63. Rb7 {
(00:04)} g6 {(00:56)} 64. Rg7 {(01:12)} h5 {(03:33]
} 65. gxh5 {(00:53)} Kxh5 {(00:01)} 66. Kf2 {(01:06)} Re5
{(01:30)} 67. Kf3 {(01:21)} Kg5 {(00:08)} 68. Rg8 {
(01:31)} Rf5+ {(02:02)} 69. Kg3 {(03:05)} Kf6 {(01:
27)} 70. Ra8 {(01:17)} Rb5 {(00:25)} 71. Rf8+ {(01:09)}
Ke7 {(00:23)} 72. Rg8 {(00:03)} Kf7 {(00:05)} 73. Ra8 {
(00:18)} Rb4 {(01:20)} 74. Rc8 {(00:29)} Kf6 {(00:
23)} 75. h4 {(01:44)} Rb1 {(01:38)} 76. Ra8 {(01:06)} Kf5
{(02:55)} 77. Rf8+ {(00:21)} Ke5 {(00:04)} 78. Rg8 {
(00:10)} Ke4 {(01:48)} 79. Kf2 {(00:20)} Kf5 {(01:
11)} 80. Rf8+ {(00:05)} Ke5 {(00:16)} 81. Rg8 {(00:06)}
Kf6 {(00:15)} 82. Rf8+ {(00:27)} Ke7 {(00:15)} 83. Rg8 {
(00:04)} Kf7 {(00:03)} 84. Ra8 {(00:19)} Rb3 {(00:
05)} 85. Kg2 {(00:36)} Re3 {(00:31)} 86. Rb8 {(00:16)} Kf6
{(01:12)} 87. Rf8+ {(00:25)} Ke5 {(00:01)} 88. h5 {
(01:05)} gxh5 {(00:56)} 89. Rh8 {(00:07)} Kd4 {(00:
29)} 90. Rxh5 {(00:29)} e5 {(00:13)} 91. Rh8 {(02:07)} Kd3
{(01:52)} 92. Ra8 {(01:51)} Re2+ {(00:47)} 93. Kf1 {
(00:29)} Rc2 {(00:22)} 94. Ra3+ {(00:32)} Kd2 {(00:
07)} 95. Ra4 {(00:28)} Rc3 {(01:16)} 96. Kf2 {(00:45)} Kd3
{(00:08)} 97. Kf3 {(00:34)} Rb3 {(00:39)} 98. Re4 {
(00:48)} Rb5 {(00:02)} 99. Re3+ {(00:26)} Kd4 {(00:
07)} 100. Re4+ {(00:15)} Kd5 {(00:06)} 101. Re1 {(00:31)}
Rb3+ {(00:05)} 102. Ke2 {(02:01)} Ke4 {(00:15)} 103. Ra1
Rb2+ {(00:09)} 104. Ke1 {(00:22)} Kf4 {(00:05)} 105. Ra8 {
(02:54)} e4 {(00:04)} 106. Kf1 {(00:18)} Kf3 {(00:
09)} 107. Rf8+ {(00:19)} Ke3 {(00:01)} 108. Ra8 {(00:47)}
Rb1+ {(01:43)} 109. Kg2 {(00:03)} Rd1 {(00:02)} 110. Rb8 {
(00:41)} Ke2 {(00:19)} 111. Ra8 {(00:45)} Rd2 {(01:
33)} 112. Re8 {(00:51)} e3 {(00:39)} 113. Kg1 {(00:32)}
Rd7 {(00:15)} 114. Ra8 {(00:25)} Rg7+ {(00:06)} 115. Kh2 {
(00:02)} Kf2 {(00:07)} 116. Rf8+ {(00:04)} Ke1 {(
00:05)} 117. Ra8 e2 {(00:09)} 118. Rd8 {(00:52)} Rg5 {(00:
06)} 119. Rd7 {(00:17)} Kf2 {(00:05)} 120. Rf7+ {(00:07)}
Ke3 {(00:08)} 121. Re7+ {(00:02)} Kf3 {(00:07)} 122. Re8 {
(02:24)} Rg4 {(00:06)} 0-1

[Event "42nd Olympiad Baku 2016 Open"]
[Site "Baku"]
[Date "2016.09.04"]
[Round "3.7"]
[White "Quesada Perez, Yuniesky"]
[Black "Bartel, Mateusz"]
[Result "1-0"]
[ECO "C18"]
[WhiteElo "2636"]
[BlackElo "2646"]
[Annotator ""]
[PlyCount "83"]
[EventDate "2016.??.??"]
[EventCountry "AZE"]
[SourceTitle "playchess.com"]
[Source "ChessBase"]
[WhiteTeam "Cuba"]
[BlackTeam "Poland"]
[WhiteTeamCountry "CUB"]
[BlackTeamCountry "POL"]
[TimeControl "40/5400+30:1800+30"]

1. e4 {(00:00)} e6 {(00:00)} 2. d4 {(00:00)} d5 {(
00:00)} 3. Nc3 {(00:00)} Bb4 {(00:00)} 4. e5 {(00:00)} c5
{(00:00)} 5. a3 {(00:05)} Bxc3+ {(00:00)} 6. bxc3 {
(00:05)} Ne7 {(00:02)} 7. h4 {(00:36)} Qc7 {(00:11]
} 8. h5 {(00:33)} h6 {(00:06)} 9. Bd2 {(00:18)} Nbc6 {
(00:46)} 10. Qg4 {(00:57)} Nf5 {(00:08)} 11. Nf3 {(
00:37)} c4 {(00:09)} 12. Qf4 {(04:56)} Bd7 {(00:07)} 13.
Be2 {(08:37)} Rf8 {(18:32)} 14. g4 {(11:05)} Nfe7 {
(00:11)} 15. Qg3 {(00:36)} Qa5 {(06:21)} 16. Nh4 {(
06:27)} O-O-O {(07:54)} 17. f4 {(02:21)} f6 {(00:31)} 18.
Nf3 {(02:13)} Rf7 {(02:07)} 19. O-O {(06:54)} Rg8 {
(01:47)} 20. Kh1 {(04:06)} g6 {(03:24)} 21. hxg6 {(
15:13)} Nxg6 {(04:44)} 22. Qh2 {(01:56)} Qa4 {(10:18)} 23.
exf6 {(12:33)} Rxf6 {(06:26)} 24. Ne5 {(01:10)} Qxc2 {
(07:17)} 25. Bd1 {(01:42)} Qb2 {(00:56)} 26. Nxd7 {
(02:29)} Kxd7 {(00:13)} 27. Ba4 {(00:39)} Qb6 {(00:
09)} 28. f5 {(01:20)} exf5 {(01:20)} 29. Rxf5 {(04:15)}
Re6 {(13:27)} 30. Rxd5+ {(03:01)} Kc8 {(00:01)} 31. Rd6 {
(05:43)} Ree8 {(04:07)} 32. Bc2 {(01:06)} Nge7 {(
00:30)} 33. Re1 {(01:56)} Qb2 {(01:41)} 34. Bh7 {(00:24)}
Rh8 {(03:25)} 35. Be4 {(00:14)} Qxa3 {(00:46)} 36. d5 {
(00:18)} Nd8 {(00:56)} 37. Rf6 {(01:04)} Ref8 {(01:
17)} 38. Qe5 {(01:16)} Rxf6 {(01:13)} 39. Qxf6 {(00:04)}
Rg8 {(00:04)} 40. d6 {(00:00)} Nec6 {(00:00)} 41. Bd5 {
(10:23)} Qb2 {(02:42)} 42. d7+ {(00:37)} 1-0

[Event "42nd Olympiad Baku 2016 Open"]
[Site "Baku"]
[Date "2016.09.04"]
[Round "3.19"]
[White "Rahman, Ziaur"]
[Black "Ahmad, Al Khatib"]
[Result "1-0"]
[ECO "A45"]
[WhiteElo "2512"]
[BlackElo "2253"]
[Annotator ""]
[PlyCount "49"]
[EventDate "2016.??.??"]
[EventCountry "AZE"]
[SourceTitle "playchess.com"]
[Source "ChessBase"]
[WhiteTeam "Bangladesh"]
[BlackTeam "Jordan"]
[WhiteTeamCountry "BAN"]
[BlackTeamCountry "JOR"]
[TimeControl "40/5400+30:1800+30"]

1. d4 {(00:06)} Nf6 {(00:00)} 2. Bg5 {(00:26)} c5 {
(00:51)} 3. Nc3 {(01:40)} cxd4 {(03:06)} 4. Qxd4 {(
00:14)} Nc6 {(00:02)} 5. Qh4 {(00:19)} e6 {(01:25)} 6. e4
{(00:20)} Be7 {(01:26)} 7. O-O-O {(05:10)} Qa5 {(
03:55)} 8. f4 {(03:54)} d6 {(01:14)} 9. Nf3 {(01:05)} O-O
{(03:09)} 10. Bd3 {(20:43)} h6 {(20:45)} 11. Bxh6 {
(19:05)} gxh6 {(08:42)} 12. e5 {(00:27)} dxe5 {(34:
22)} 13. Qxh6 {(02:00)} e4 {(04:05)} 14. Ng5 {(08:41)}
exd3 {(06:11)} 15. Rxd3 {(00:49)} Qf5 {(03:59)} 16. Rh3 {
(03:45)} Nh5 {(04:06)} 17. Rxh5 {(01:11)} Bf6 {(00:
02)} 18. Nge4 {(02:02)} Bg7 {(01:03)} 19. Nf6+ {(01:48)}
Bxf6 {(00:07)} 20. Rxf5 {(00:04)} exf5 {(00:31)} 21. Qxf6
{(00:06)} Re8 {(00:40)} 22. Qg5+ {(00:37)} Kf8 {(
00:38)} 23. Qh6+ {(01:10)} Ke7 {(00:40)} 24. Nd5+ {(00:13]
} Kd8 {(00:21)} 25. Qd6+ 1-0

[Event "42nd Olympiad Baku 2016 Open"]
[Site "Baku"]
[Date "2016.09.04"]
[Round "3.36"]
[White "Ralison, Milanto Harifidy"]
[Black "Forster, Richard"]
[Result "0-1"]
[ECO "B28"]
[WhiteElo "2058"]
[BlackElo "2459"]
[Annotator ""]
[PlyCount "56"]
[EventDate "2016.??.??"]
[EventCountry "AZE"]
[SourceTitle "playchess.com"]
[Source "ChessBase"]
[WhiteTeam "Madagascar"]
[BlackTeam "Switzerland"]
[WhiteTeamCountry "MAD"]
[BlackTeamCountry "SUI"]
[TimeControl "40/5400+30:1800+30"]

1. e4 {(00:00)} c5 {(00:00)} 2. Nf3 {(00:00)} a6 {(
00:34)} 3. c4 {(02:45)} e6 {(00:33)} 4. Nc3 {(00:49)} Qc7
{(01:13)} 5. Be2 {(02:18)} Nf6 {(03:24)} 6. e5 {(
02:13)} Ng4 {(00:58)} 7. d4 {(00:39)} Nc6 {(01:51)} 8. d5
{(17:34)} Ncxe5 {(01:51)} 9. Ng5 {(03:19)} Nf6 {(
07:06)} 10. f4 {(01:27)} Ng6 {(00:56)} 11. O-O {(00:39)}
Be7 {(10:38)} 12. Bd3 {(04:30)} O-O {(17:22)} 13. Qe1 {
(04:07)} h6 {(18:41)} 14. dxe6 {(10:47)} dxe6 {(00:
57)} 15. Bxg6 {(00:45)} fxg6 {(05:25)} 16. Nxe6 {(01:57)}
Bxe6 {(00:06)} 17. Qxe6+ {(00:08)} Kh7 {(00:05)} 18. f5 {
(05:39)} g5 {(02:10)} 19. h4 {(04:39)} Qg3 {(13:08]
} 20. Rf3 {(06:42)} Qxh4 {(00:09)} 21. Rh3 {(00:42)} Qg4 {
(03:10)} 22. Be3 {(05:40)} Rae8 {(00:44)} 23. Nd5 {
(07:15)} Bd8 {(02:35)} 24. Qd6 {(03:47)} Qxc4 {(03:
14)} 25. Nxf6+ {(01:40)} Rxf6 {(01:21)} 26. Qd7 {(00:39)}
Qf7 {(00:35)} 27. Qd3 {(00:51)} c4 {(00:56)} 28. Qc2 {
(01:18)} g4 {(00:20)} 0-1

[Event "42nd Olympiad Baku 2016 Open"]
[Site "Baku"]
[Date "2016.09.04"]
[Round "3.34"]
[White "Ranaivoharisoa, Alain"]
[Black "Georgiadis, Nico"]
[Result "0-1"]
[ECO "B53"]
[WhiteElo "2169"]
[BlackElo "2475"]
[Annotator ""]
[PlyCount "124"]
[EventDate "2016.??.??"]
[EventCountry "AZE"]
[SourceTitle "playchess.com"]
[Source "ChessBase"]
[WhiteTeam "Madagascar"]
[BlackTeam "Switzerland"]
[WhiteTeamCountry "MAD"]
[BlackTeamCountry "SUI"]
[TimeControl "40/5400+30:1800+30"]

1. e4 {(00:00)} c5 {(00:00)} 2. Nf3 {(00:04)} d6 {(
00:00)} 3. d4 {(00:21)} cxd4 4. Qxd4 {(01:45)} Nc6 {(00:
46)} 5. Bb5 {(00:21)} a6 {(00:23)} 6. Bxc6+ {(00:24)} bxc6
{(00:08)} 7. O-O {(01:46)} e5 {(00:09)} 8. Qd3 {(
00:44)} Nf6 {(00:10)} 9. c4 {(03:58)} Qc7 {(00:55)} 10.
Nc3 {(00:46)} Be7 {(00:10)} 11. b3 {(01:53)} O-O {(
00:16)} 12. Rd1 {(04:44)} Bb7 {(01:27)} 13. Nh4 {(02:44)}
Bc8 {(02:13)} 14. h3 {(02:39)} Be6 {(18:26)} 15. Qf3 {
(11:06)} Rfd8 {(12:55)} 16. Nf5 {(05:04)} Bxf5 {(
08:32)} 17. Qxf5 {(00:23)} Nd7 {(00:15)} 18. Be3 {(05:12)}
Nf8 {(00:53)} 19. Rd3 {(01:09)} Ne6 {(01:08)} 20. Rad1 {
(01:57)} Rab8 {(04:09)} 21. Qg4 {(06:09)} g6 {(10:
12)} 22. h4 {(09:36)} h5 {(01:37)} 23. Qh3 {(05:44)} Kg7 {
(03:03)} 24. Na4 {(09:19)} Bf6 {(13:22)} 25. g3 {(
11:31)} Nd4 {(01:15)} 26. Nc3 {(00:59)} Qa5 {(02:07)} 27.
Qg2 {(02:41)} Re8 {(04:10)} 28. R1d2 {(01:24)} Bd8 {
(06:53)} 29. Bxd4 {(02:44)} exd4 {(00:04)} 30. Ne2 {
(00:08)} c5 {(00:13)} 31. Nf4 {(00:25)} Qc7 {(01:
51)} 32. Re2 {(04:43)} Qd7 {(00:40)} 33. Qf3 {(00:24)} a5
{(01:51)} 34. Nd5 {(02:05)} Re6 {(01:33)} 35. Qg2 {
(00:32)} Qe8 {(01:50)} 36. f3 {(00:39)} a4 {(01:23]
} 37. Rb2 {(01:21)} Ba5 {(02:09)} 38. Qc2 {(00:38)} a3 {
(01:02)} 39. Rb1 {(00:09)} f5 {(00:29)} 40. Nf4 {(
00:00)} Re5 {(00:00)} 41. exf5 {(04:06)} Rxf5 {(11:32)}
42. Rf1 {(10:24)} Qf7 {(13:56)} 43. Ng2 {(06:52)} Re8 {
(00:44)} 44. f4 {(01:17)} Qe6 {(00:37)} 45. Rdf3 {(
01:51)} Qe2 {(01:15)} 46. R1f2 {(08:12)} Qxc2 {(00:06)}
47. Rxc2 {(00:07)} Rf6 {(00:34)} 48. Kf1 {(00:45)} Rfe6 {
(00:41)} 49. Rcf2 {(00:37)} Be1 {(02:57)} 50. Rc2 {
(01:23)} Bc3 {(00:07)} 51. Rcf2 {(00:45)} Rf6 {(03:
40)} 52. Re2 {(00:33)} Rxe2 {(00:14)} 53. Kxe2 {(00:04)}
Re6+ {(00:24)} 54. Kd3 {(00:38)} Kf6 {(00:30)} 55. f5 {
(01:01)} gxf5 {(00:04)} 56. Nf4 {(00:06)} Re1 {(00:
22)} 57. Nxh5+ {(00:32)} Ke5 {(01:02)} 58. Rf2 {(00:44)}
Re3+ {(00:45)} 59. Kc2 {(00:11)} Be1 {(00:39)} 60. Rg2 {
(01:05)} d3+ {(00:13)} 61. Kd1 {(00:25)} Bb4 {(00:
14)} 62. Rg1 {(00:08)} d2 {(00:15)} 0-1

[Event "42nd Olympiad Baku 2016 Open"]
[Site "Baku"]
[Date "2016.09.04"]
[Round "3.16"]
[White "Ribbegren, Karl Johan"]
[Black "Sebenik, Matej"]
[Result "0-1"]
[ECO "A48"]
[WhiteElo "2267"]
[BlackElo "2526"]
[Annotator ""]
[PlyCount "60"]
[EventDate "2016.??.??"]
[EventCountry "AZE"]
[SourceTitle "playchess.com"]
[Source "ChessBase"]
[WhiteTeam "Monaco"]
[BlackTeam "Slovenia"]
[WhiteTeamCountry "MNC"]
[BlackTeamCountry "SLO"]
[TimeControl "40/5400+30:1800+30"]

1. d4 {(00:00)} Nf6 {(00:00)} 2. Nf3 {(00:00)} g6 {
(00:00)} 3. e3 {(00:34)} Bg7 {(00:07)} 4. c4 {(01:
06)} O-O {(00:25)} 5. Nc3 {(02:15)} c5 {(02:06)} 6. Be2 {
(02:41)} cxd4 {(02:00)} 7. Nxd4 {(01:46)} Nc6 {(02:
46)} 8. Nc2 {(01:33)} d6 {(04:15)} 9. O-O {(00:38)} Be6 {
(00:32)} 10. e4 {(08:40)} Rc8 {(06:06)} 11. Rb1 {(
06:23)} a6 {(03:39)} 12. b3 {(05:39)} b5 {(06:38)} 13.
cxb5 {(02:23)} axb5 {(01:33)} 14. f3 {(01:04)} b4 {
(16:55)} 15. Nd5 {(02:02)} Qa5 {(00:08)} 16. Bc4 {(
11:54)} Bxd5 {(02:40)} 17. Bxd5 {(03:27)} Nxd5 {(16:13)}
18. exd5 {(00:13)} Ne5 {(00:22)} 19. Be3 {(03:05)} Rc3 {
(12:35)} 20. Bd4 {(14:22)} Rd3 {(01:48)} 21. Qe2 {(
03:38)} Qxd5 {(03:41)} 22. Bf2 {(01:59)} Nxf3+ {(06:08)}
23. Kh1 {(02:19)} Rd2 {(07:29)} 24. Nxb4 {(00:33)} Rxe2 {
(02:05)} 25. Nxd5 {(00:03)} Nd2 {(01:31)} 26. Rbe1 {
(01:05)} Re6 {(00:20)} 27. Rg1 {(01:24)} Ra8 {(00:
20)} 28. Nc7 {(02:47)} Rxe1 {(00:11)} 29. Nxa8 {(06:41)}
Re2 {(00:06)} 30. Ba7 {(00:42)} Nxb3 {(01:20)} 0-1